 Dungeon Crawl Stone Soup version 0.27.1-16-g815e20cd7a (webtiles) character file.

Game seed: 13771744183714869732

16 riftmaster1123 the Gusty (level 2, 0/20 HPs)
             Began as a Draconian Air Elementalist on Nov 23, 2021.
             Succumbed to an adder's poison
             ... on level 2 of the Dungeon.
             The game lasted 00:04:48 (827 turns).

riftmaster1123 the Gusty (DrAE)                      Turns: 827, Time: 00:04:49

Health: 0/20       AC:  4    Str: 10    XL:     2   Next: 41%
Magic:  1/5        EV: 12    Int: 15    God:
Gold:   36         SH:  0    Dex: 11    Spells: 4/5 levels left

rFire    . . .     SeeInvis .   a - +0 hand axe
rCold    . . .     Faith    .   (no shield)
rNeg     . . .     Spirit   .   (armour unavailable)
rPois    .         Reflect  .   (helmet restricted)
rElec    .         Harm     .   (no cloak)
rCorr    .         Rampage  .   (no gloves)
Will     .....                  (no boots)
Stlth    ++........             (no amulet)
HPRegen  0.06/turn              (no ring)
MPRegen  0.09/turn              (no ring)

@: lethally poisoned (0 -> -2), attractive
A: AC +4, unfitting armour, cold-blooded
a: no special abilities


You were on level 2 of the Dungeon.
You visited 1 branch of the dungeon, and saw 2 of its levels.

You collected 36 gold pieces.

Inventory:

Hand Weapons
 a - a +0 hand axe (weapon)
Missiles
 b - 4 javelins (quivered)


   Skills:
 * Level 2.1 Dodging
 + Level 1.8 Stealth
 * Level 2.2 Spellcasting
 + Level 1.0 Conjurations
 * Level 3.3 Air Magic


You had 4 spell levels left.
You knew the following spells:

 Your Spells              Type           Power      Damage    Failure   Level
a - Shock                 Conj/Air       32%        1d5       9%          1

Your spell library contained the following spells:

 Spells                   Type           Power      Damage    Failure   Level
 Static Discharge         Conj/Air       8%         N/A       14%         2
 Swiftness                Air            11%        N/A       17%         3
 Airstrike                Air            5%         N/A       50%         4


Dungeon Overview and Level Annotations

Branches:
Dungeon (2/15)

Altars:


Innate Abilities, Weirdness & Mutations

Your plain brown scales are hard. (AC +4)
You cannot fit into any form of body armour.
You are cold-blooded and may be slowed by cold attacks.


Message History

The adder is severely wounded.
The adder bites you. The adder bites you but does no damage.
You closely miss the adder.
The adder is severely wounded.
The adder misses you. The adder barely misses you.
You barely miss the adder.
The adder is severely wounded.
You hit the giant cockroach. The adder barely misses you.
The giant cockroach closely misses you. The adder barely misses you.
You miss the adder.
The adder is severely wounded.
You hit the giant cockroach.
You kill the giant cockroach!
The adder barely misses you.
Your magical contamination has completely faded away.
You barely miss the adder.
The adder is severely wounded.
The adder bites you. The adder bites you but does no damage.
You closely miss the adder.
The adder is severely wounded.
The adder bites you. The adder bites you but does no damage.
You hit the adder but do no damage.
The adder is severely wounded.
The adder bites you.
You are lethally poisoned!
The adder poisons you!
You miss the adder.
Your tail-slap misses the adder.
The adder is severely wounded.
* * * LOW HITPOINT WARNING * * *
You feel sick. The adder bites you.
* * * LOW HITPOINT WARNING * * *
The adder closely misses you.
You slash the adder!
You kill the adder!
* * * LOW HITPOINT WARNING * * *
You feel sick.
You have reached level 2!
It was a potion of attraction.
You feel attractive to monsters.
You die...

#.###..
....#.# ###
#.#...# #<#
#.##..#
#.####.##..#
#..........#
##########.#
#
........#.#
.######@..#
##..# ..#
..# ..# ..#
..# .>.


There were no monsters in sight!

Vanquished Creatures
  An adder (D:2)
  A giant cockroach (D:2)
  A goblin (D:1)
  3 bats (D:1)
  A kobold (D:1)
  A rat (D:1)
8 creatures vanquished.

Vanquished Creatures (others)
  A withered plant (D:1)
1 creature vanquished.

Grand Total: 9 creatures vanquished

Notes
Turn   | Place    | Note
-------+----------+-------------------------------------------
     0 | D:1      | riftmaster1123 the Draconian Air Elementalist began the
                  | quest for the Orb.
     0 | D:1      | Reached XP level 1. HP: 14/14 MP: 3/3
    65 | D:1      | Found a faded altar of an unknown god.
   827 | D:2      | Reached XP level 2. HP: 1/20 MP: 1/5
   827 | D:2      | Succumbed to an adder's poison

Illustrated notes

Levels and vault maps discovered:
D:1:      minmay_arrival_stone_box, layout_loops_corners,
          shapermc_ecumenical_altar_flowoftime
D:2:      layout_basic, basic_altar, minmay_crystal_water,
          minmay_misc_feat_alley

Skill      XL: |  1 |
---------------+----+-----
Dodging        | 2 |  2.1
Stealth        | |  1.8
Spellcasting   | |  2.2
Conjurations   | |  1.0
Air Magic      | |  3.3

Action                   || total
-------------------------++-------
Melee: Hand axe          ||    18
       Unarmed           ||     2
 Cast: Shock             ||     9
  Use: Potion            ||     1
Armor: Skin              ||     8
Dodge: Dodged            ||    19
